MLB
OAKLAND ATHLETICS @ SEATTLE MARINERS
09/26/2019
 
TOP OF THE 1ST
Oakland Athletics batting - Pitching for Seattle Mariners : LHP Clayton Kershaw
Pitching: LHP Clayton Kershaw
Batting: LHB Steven Duggar 0-0: Ball
1-0: Fly out, F3 (Line Drive, 3, EV 70.0 MPH)
Batting: RHB Jamie Ritchie 0-0: SINGLE (Flyball, 78M, EV 96.9 MPH)
Batting: RHB Jose Abreu 0-0: Foul Ball, location: 2F
0-1: Called Strike
0-2: Foul Ball, location: 2F
0-2: SINGLE (Groundball, 56D, EV 104.4 MPH)
Jamie Ritchie to second
Batting: RHB Rhys Hoskins 0-0: Foul Ball, location: 2F
0-1: Called Strike
0-2: Ball
1-2: Foul Ball, location: 2F
1-2: Ball
2-2: Strikes out looking
Batting: LHB Didi Gregorius 0-0: Called Strike
0-1: Foul Ball, location: 2F
0-2: Ball
1-2: Ground out U3 (Groundball, 3, EV 86.3 MPH)
Top of the 1st over - 0 runs, 2 hits, 0 errors, 2 left on base; Oakland 0 - Seattle 0
BOTTOM OF THE 1ST
Seattle Mariners batting - Pitching for Oakland Athletics : RHP Chad Kuhl
Pitching: RHP Chad Kuhl
Batting: LHB Ben Revere 0-0: Swinging Strike
0-1: Foul Ball, location: 2F
0-2: Strikes out swinging
Batting: LHB Brandon Nimmo 0-0: Ball
1-0: Foul Ball, location: 2F
1-1: Foul Ball, location: 2F
1-2: Ball
2-2: Foul Ball, location: 2F
2-2: Ball
3-2: SINGLE (Line Drive, 56D, EV 108.1 MPH)
Batting: RHB Manny Machado 0-0: Ball
1-0: Ball
2-0: Fielders Choice at 2nd, 5-4 (Groundball, 56, EV 100.6 MPH)
Batting: RHB Brian Dozier 0-0: Called Strike
0-1: Ball
1-1: Ball
2-1: Ball
3-1: Ground out 5-3 (Groundball, 56S, EV 73.8 MPH)
Bottom of the 1st over - 0 runs, 1 hit, 0 errors, 1 left on base; Oakland 0 - Seattle 0
TOP OF THE 2ND
Oakland Athletics batting - Pitching for Seattle Mariners : LHP Clayton Kershaw
Batting: RHB Mark Canha 0-0: Ball
1-0: Called Strike
1-1: Fly out, F7 (Flyball, 78M, EV 82.5 MPH)
Batting: SHB Eduardo Escobar 0-0: Called Strike
0-1: Foul Ball, location: 2F
0-2: Ball
1-2: Foul Ball, location: 2F
1-2: Strikes out looking
Batting: RHB Mac Williamson 0-0: Ball
1-0: Ball
2-0: Called Strike
2-1: Called Strike
2-2: Ball
3-2: Strikes out swinging, 2-3 out at first.
Top of the 2nd over - 0 runs, 0 hits, 0 errors, 0 left on base; Oakland 0 - Seattle 0
BOTTOM OF THE 2ND
Seattle Mariners batting - Pitching for Oakland Athletics : RHP Chad Kuhl
Batting: RHB Willians Astudillo 0-0: Swinging Strike
0-1: DOUBLE (Groundball, 5L, EV 109.4 MPH)
Batting: RHB Matt Kemp 0-0: Called Strike
0-1: Foul Ball, location: 2F
0-2: Ball
1-2: Strikes out swinging
Batting: LHB Rowdy Tellez 0-0: Ball
1-0: Ball
2-0: Ground out 4-3 (Groundball, 4, EV 96.3 MPH)
Willians Astudillo to third
Batting: SHB Anthony Santander 0-0: DOUBLE (Flyball, 8LXD, EV 88.8 MPH)
Willians Astudillo scores
Batting: LHB Eric Sogard 0-0: SINGLE (Flyball, 7LS, EV 87.5 MPH)
Anthony Santander to third
Batting: LHB Ben Revere 0-0: Ball
1-0: Ball
2-0: Ground out U3 (Groundball, 3, EV 84.4 MPH)
Bottom of the 2nd over - 1 run, 3 hits, 0 errors, 2 left on base; Oakland 0 - Seattle 1
TOP OF THE 3RD
Oakland Athletics batting - Pitching for Seattle Mariners : LHP Clayton Kershaw
Batting: SHB Freddy Galvis 0-0: Foul Ball, location: 2F
0-1: Ground out 4-3 (Groundball, 6MS, EV 61.9 MPH)
Batting: LHB Steven Duggar 0-0: Ball
1-0: Swinging Strike
1-1: Ball
2-1: Fly out, F5 (Popup, 56, EV 66.3 MPH)
Batting: RHB Jamie Ritchie 0-0: SINGLE (Groundball, 4MD, EV 94.4 MPH)
Batting: RHB Jose Abreu 0-0: Called Strike
0-1: Ball
1-1: SINGLE (Groundball, 6MD, EV 97.5 MPH)
Jamie Ritchie to second
Batting: RHB Rhys Hoskins 0-0: Ball
1-0: Ground out 5-3 (Groundball, 56S, EV 86.9 MPH)
Top of the 3rd over - 0 runs, 2 hits, 0 errors, 2 left on base; Oakland 0 - Seattle 1
BOTTOM OF THE 3RD
Seattle Mariners batting - Pitching for Oakland Athletics : RHP Chad Kuhl
Batting: LHB Brandon Nimmo 0-0: Ball
1-0: Foul Ball, location: 2F
1-1: SOLO HOME RUN (Line Drive, 9D, EV 93.1 MPH), Distance : 381 ft
Batting: RHB Manny Machado 0-0: Foul Ball, location: 2F
0-1: Ball
1-1: Ball
2-1: Foul Ball, location: 2F
2-2: Ball
3-2: SOLO HOME RUN (Flyball, 8LXD, EV 93.1 MPH), Distance : 426 ft
Batting: RHB Brian Dozier 0-0: Called Strike
0-1: Called Strike
0-2: SINGLE (Line Drive, 78S, EV 108.1 MPH)
Batting: RHB Willians Astudillo 0-0: Ball
1-0: Foul Ball, location: 2F
1-1: Foul Ball, location: 2F
1-2: Ball
2-2: Foul Ball, location: 2F
2-2: Grounds into double play, 6-4-3 (Groundball, 6, EV 90.0 MPH)
Batting: RHB Matt Kemp 0-0: Ball
1-0: SINGLE (Line Drive, 8RS, EV 88.8 MPH)
Batting: LHB Rowdy Tellez 0-0: Ball
1-0: Ball
2-0: Fly out, F9 (Flyball, 9LS, EV 86.3 MPH)
Bottom of the 3rd over - 2 runs, 4 hits, 0 errors, 1 left on base; Oakland 0 - Seattle 3
TOP OF THE 4TH
Oakland Athletics batting - Pitching for Seattle Mariners : LHP Clayton Kershaw
Batting: LHB Didi Gregorius 0-0: Ball
1-0: Fly out, F7 (Flyball, 7, EV 86.9 MPH)
Batting: RHB Mark Canha 0-0: Swinging Strike
0-1: Ball
1-1: Ball
2-1: Foul Ball, location: 2F
2-2: SINGLE (Groundball, 56D, EV 100.0 MPH)
Batting: SHB Eduardo Escobar 0-0: Called Strike
0-1: Ball
1-1: Swinging Strike
1-2: Fly out, F8 (Line Drive, 8LM, EV 92.5 MPH)
Batting: RHB Mac Williamson 0-0: Called Strike
0-1: Ball
1-1: Fly out, F8 (Flyball, 8RXD, EV 96.9 MPH)
Top of the 4th over - 0 runs, 1 hit, 0 errors, 1 left on base; Oakland 0 - Seattle 3
BOTTOM OF THE 4TH
Seattle Mariners batting - Pitching for Oakland Athletics : RHP Chad Kuhl
Batting: SHB Anthony Santander 0-0: Ball
1-0: Foul Ball, location: 2F
1-1: Foul Ball, location: 2F
1-2: Ball
2-2: Foul Ball, location: 2F
2-2: Ball
3-2: Base on Balls
Batting: LHB Eric Sogard 0-0: Ball
1-0: Ball
2-0: Ball
3-0: Base on Balls
Anthony Santander to second
Batting: LHB Ben Revere 0-0: Swinging Strike
0-1: Grounds into double play, 6-4-3 (Groundball, 6M, EV 106.3 MPH)
Anthony Santander to third
Batting: LHB Brandon Nimmo 0-0: Ball
1-0: Ball
2-0: Foul Ball, location: 2F
2-1: Ground out 4-3 (Groundball, 4, EV 87.5 MPH)
Bottom of the 4th over - 0 runs, 0 hits, 0 errors, 1 left on base; Oakland 0 - Seattle 3
TOP OF THE 5TH
Oakland Athletics batting - Pitching for Seattle Mariners : LHP Clayton Kershaw
Batting: SHB Freddy Galvis 0-0: Ball
1-0: Ball
2-0: Ground out 1-3 (Groundball, P, EV 88.8 MPH)
Batting: LHB Steven Duggar 0-0: Ball
1-0: Swinging Strike
1-1: Foul Ball, location: 2F
1-2: Strikes out looking
Batting: RHB Jamie Ritchie 0-0: Called Strike
0-1: Swinging Strike
0-2: Ball
1-2: Fly out, F8 (Flyball, 8LS, EV 95.0 MPH)
Top of the 5th over - 0 runs, 0 hits, 0 errors, 0 left on base; Oakland 0 - Seattle 3
BOTTOM OF THE 5TH
Seattle Mariners batting - Pitching for Oakland Athletics : RHP Chad Kuhl
Batting: RHB Manny Machado 0-0: Ball
1-0: Ball
2-0: Ball
3-0: Called Strike
3-1: Base on Balls
Batting: RHB Brian Dozier 0-0: Ball
1-0: Foul Ball, location: 2F
1-1: Swinging Strike
1-2: Ball
2-2: 2-RUN HOME RUN (Flyball, 7D, EV 103.8 MPH), Distance : 371 ft
Pitching: LHP Jerry Vasto
Batting: RHB Willians Astudillo 0-0: Ball
1-0: SINGLE (Line Drive, 4D, EV 95.6 MPH)
Batting: RHB Matt Kemp 0-0: Foul Ball, location: 2F
0-1: Foul Ball, location: 2F
0-2: Strikes out swinging
Batting: LHB Rowdy Tellez 0-0: Called Strike
0-1: Ball
1-1: Grounds into double play, 4-6-3 (Groundball, 4, EV 82.5 MPH)
Bottom of the 5th over - 2 runs, 2 hits, 0 errors, 0 left on base; Oakland 0 - Seattle 5
TOP OF THE 6TH
Oakland Athletics batting - Pitching for Seattle Mariners : LHP Clayton Kershaw
Batting: RHB Jose Abreu 0-0: Called Strike
0-1: Ground out 4-3 (Groundball, 4, EV 85.6 MPH)
Batting: RHB Rhys Hoskins 0-0: Called Strike
0-1: Ball
1-1: Ball
2-1: Called Strike
2-2: Ball
3-2: Strikes out swinging
Batting: LHB Didi Gregorius 0-0: Ground out 4-3 (Groundball, 4, EV 102.5 MPH)
Top of the 6th over - 0 runs, 0 hits, 0 errors, 0 left on base; Oakland 0 - Seattle 5
BOTTOM OF THE 6TH
Seattle Mariners batting - Pitching for Oakland Athletics : LHP Jerry Vasto
Batting: SHB Anthony Santander 0-0: Ground out 5-3 (Groundball, 56, EV 91.9 MPH)
Batting: LHB Eric Sogard 0-0: Ball
1-0: Foul Ball, location: 2F
1-1: Swinging Strike
1-2: Strikes out swinging
Batting: LHB Ben Revere 0-0: Called Strike
0-1: Fly out, F5 (Popup, 56S, EV 74.4 MPH)
Bottom of the 6th over - 0 runs, 0 hits, 0 errors, 0 left on base; Oakland 0 - Seattle 5
TOP OF THE 7TH
Oakland Athletics batting - Pitching for Seattle Mariners : LHP Clayton Kershaw
Batting: RHB Mark Canha 0-0: Called Strike
0-1: Ball
1-1: Fly out, F6 (Line Drive, 6, EV 63.1 MPH)
Batting: SHB Eduardo Escobar 0-0: Ground out 4-3 (Groundball, 4, EV 86.9 MPH)
Batting: RHB Mac Williamson 0-0: Called Strike
0-1: Foul Ball, location: 2F
0-2: Fly out, F9 (Flyball, 9D, EV 88.8 MPH)
Top of the 7th over - 0 runs, 0 hits, 0 errors, 0 left on base; Oakland 0 - Seattle 5
BOTTOM OF THE 7TH
Seattle Mariners batting - Pitching for Oakland Athletics : LHP Jerry Vasto
Batting: LHB Brandon Nimmo 0-0: Called Strike
0-1: Foul Ball, location: 2F
0-2: Ball
1-2: Strikes out swinging
Batting: RHB Manny Machado 0-0: Foul Ball, location: 2F
0-1: Fly out, F9 (Flyball, 89D, EV 101.9 MPH)
Batting: RHB Brian Dozier 0-0: Called Strike
0-1: Ball
1-1: SINGLE (Groundball, P, EV 63.8 MPH) (infield hit)
Batting: RHB Willians Astudillo 0-0: Ball
1-0: Ball
2-0: Fielders Choice at 2nd, 5-4 (Groundball, 5, EV 115.6 MPH)
Bottom of the 7th over - 0 runs, 1 hit, 0 errors, 1 left on base; Oakland 0 - Seattle 5
TOP OF THE 8TH
Oakland Athletics batting - Pitching for Seattle Mariners : LHP Clayton Kershaw
Batting: SHB Freddy Galvis 0-0: Ball
1-0: Ball
2-0: Called Strike
2-1: Ball
3-1: Base on Balls
Batting: LHB Steven Duggar 0-0: Called Strike
0-1: Fielders Choice at 2nd, 4-6 (Groundball, 4S, EV 83.8 MPH)
Batting: RHB Jamie Ritchie 0-0: Grounds into double play, 4-6-3 (Groundball, 4, EV 101.3 MPH)
Top of the 8th over - 0 runs, 0 hits, 0 errors, 0 left on base; Oakland 0 - Seattle 5
BOTTOM OF THE 8TH
Seattle Mariners batting - Pitching for Oakland Athletics : LHP Jerry Vasto
Batting: RHB Matt Kemp 0-0: Called Strike
0-1: Swinging Strike
0-2: Ball
1-2: Strikes out looking
Batting: LHB Rowdy Tellez 0-0: Ball
1-0: Called Strike
1-1: Foul Ball, location: 2F
1-2: Ball
2-2: Foul Ball, location: 2F
2-2: Ball
3-2: Base on Balls
Pitching: RHP Chasen Bradford
Batting: SHB Anthony Santander 0-0: Foul Ball, location: 2F
0-1: Swinging Strike
0-2: Ball
1-2: Strikes out swinging
Batting: LHB Eric Sogard 0-0: Called Strike
0-1: Ground out U3 (Groundball, 3, EV 83.8 MPH)
Bottom of the 8th over - 0 runs, 0 hits, 0 errors, 1 left on base; Oakland 0 - Seattle 5
TOP OF THE 9TH
Oakland Athletics batting - Pitching for Seattle Mariners : LHP Clayton Kershaw
Batting: RHB Jose Abreu 0-0: Foul Ball, location: 2F
0-1: Called Strike
0-2: Ball
1-2: SOLO HOME RUN (Flyball, 7D, EV 98.1 MPH), Distance : 378 ft
Batting: RHB Rhys Hoskins 0-0: Ball
1-0: Ball
2-0: SINGLE (Groundball, 6MD, EV 108.8 MPH)
Batting: LHB Didi Gregorius 0-0: Grounds into double play, 4-6-3 (Groundball, 34D, EV 101.3 MPH)
Batting: RHB Mark Canha 0-0: Foul Ball, location: 2F
0-1: Ball
1-1: Swinging Strike
1-2: Foul Ball, location: 2F
1-2: Strikes out swinging
Top of the 9th over - 1 run, 2 hits, 0 errors, 0 left on base; Oakland 1 - Seattle 5
Saturday, January 4th, 2020 - OOTP Baseball 20.8 Build 73